3A
LEVITTOWN BLUE DRAGONS @ YUCCA VALLEY YELLOWS
06/22/2040
 
TOP OF THE 1ST
Levittown Blue Dragons batting - Pitching for Yucca Valley Yellows : LHP Felipe López
Pitching: LHP Felipe López
Batting: LHB Daniel Page 0-0: Called Strike
0-1: SINGLE (Line Drive, 78M, EV 97.5 MPH)
Batting: RHB Abednego Ashpenaz 0-0: Ball
1-0: Ball
2-0: Grounds into double play, 5-4-3 (Groundball, 56, EV 83.8 MPH)
Batting: RHB Juan Amengual 0-0: Foul Ball, location: 2F
0-1: Called Strike
0-2: Fly out, F8 (Flyball, 8LM, EV 90.6 MPH)
Top of the 1st over - 0 runs, 1 hit, 0 errors, 0 left on base; Levittown 0 - Yucca Valley 0
BOTTOM OF THE 1ST
Yucca Valley Yellows batting - Pitching for Levittown Blue Dragons : RHP Edward Martin
Pitching: RHP Edward Martin
Batting: RHB Steffen Schulte 0-0: Swinging Strike
0-1: Swinging Strike
0-2: Ball
1-2: Ball
2-2: Ball
3-2: Foul Ball, location: 2F
3-2: Strikes out looking
Batting: LHB Ben Chell 0-0: Foul Ball, location: 2F
0-1: Swinging Strike
0-2: Ball
1-2: SINGLE (Groundball, 3D, EV 94.4 MPH)
Batting: RHB Donnie Haggard 0-0: Called Strike
0-1: Ball
1-1: Foul Ball, location: 2F
1-2: Ball
2-2: Ball
3-2: Strikes out swinging
Batting: LHB Jon Kelly 0-0: Called Strike
0-1: Called Strike
0-2: Foul Ball, location: 2F
0-2: Strikes out swinging
Bottom of the 1st over - 0 runs, 1 hit, 0 errors, 1 left on base; Levittown 0 - Yucca Valley 0
TOP OF THE 2ND
Levittown Blue Dragons batting - Pitching for Yucca Valley Yellows : LHP Felipe López
Batting: RHB Omar Luoa 0-0: Fly out, F7 (Flyball, 7LMF, EV 88.8 MPH)
Batting: LHB Man-su Sin 0-0: Ball
1-0: Ball
2-0: Called Strike
2-1: Ground out 4-3 (Groundball, 4S, EV 66.9 MPH)
Batting: RHB Julian Lemur 0-0: Ball
1-0: Foul Ball, location: 2F
1-1: Ball
2-1: Ball
3-1: Called Strike
3-2: Foul Ball, location: 2F
3-2: SINGLE (Line Drive, 8RS, EV 110.0 MPH)
Batting: LHB Joshua Sanford 0-0: Fielders Choice at 2nd, 6-4 (Groundball, 6, EV 85.6 MPH)
Top of the 2nd over - 0 runs, 1 hit, 0 errors, 1 left on base; Levittown 0 - Yucca Valley 0
BOTTOM OF THE 2ND
Yucca Valley Yellows batting - Pitching for Levittown Blue Dragons : RHP Edward Martin
Batting: RHB Aaron Tuttle 0-0: Ball
1-0: Swinging Strike
1-1: Called Strike
1-2: DOUBLE (Flyball, 8RD, EV 94.4 MPH)
Batting: RHB Rick Pawlowicz 0-0: Called Strike
0-1: Ball
1-1: Ball
2-1: Swinging Strike
2-2: Ball
3-2: Strikes out looking
Batting: LHB Tony San Pedro 0-0: Ball
1-0: Called Strike
1-1: Ball
2-1: Foul Ball, location: 2F
2-2: Strikes out swinging
Batting: RHB Claudio Corona 0-0: Foul Ball, location: 2F
0-1: Ball
1-1: Called Strike
1-2: Foul Ball, location: 2F
1-2: Strikes out swinging
Bottom of the 2nd over - 0 runs, 1 hit, 0 errors, 1 left on base; Levittown 0 - Yucca Valley 0
TOP OF THE 3RD
Levittown Blue Dragons batting - Pitching for Yucca Valley Yellows : LHP Felipe López
Batting: RHB Eugene Parker 0-0: Ball
1-0: Ball
2-0: Ball
3-0: Called Strike
3-1: Base on Balls
Batting: RHB Frans Lissenberg 0-0: Ball
1-0: Called Strike
1-1: Ball
2-1: Ground out 4-3 (Groundball, 4S, EV 69.4 MPH)
Eugene Parker to second
Batting: LHB Daniel Page 0-0: Ball
1-0: Ground out U3 (Groundball, 3L, EV 78.8 MPH)
Eugene Parker to third
Batting: RHB Abednego Ashpenaz 0-0: DOUBLE (Groundball, 3L, EV 95.6 MPH)
Eugene Parker scores
Batting: RHB Juan Amengual 0-0: Called Strike
0-1: Foul Ball, location: 2F
0-2: Ball
1-2: Fly out, F8 (Line Drive, 8RD, EV 96.9 MPH)
Top of the 3rd over - 1 run, 1 hit, 0 errors, 1 left on base; Levittown 1 - Yucca Valley 0
BOTTOM OF THE 3RD
Yucca Valley Yellows batting - Pitching for Levittown Blue Dragons : RHP Edward Martin
Batting: RHB Denny Wolfe 0-0: Called Strike
0-1: Swinging Strike
0-2: Ball
1-2: Foul Ball, location: 2F
1-2: Strikes out looking
Batting: RHB Steffen Schulte 0-0: Foul Ball, location: 2F
0-1: Ball
1-1: Ball
2-1: Fly out, F7 (Line Drive, 7, EV 89.4 MPH)
Batting: LHB Ben Chell 0-0: Called Strike
0-1: Ground out 5-3 (Groundball, 56, EV 103.1 MPH)
Bottom of the 3rd over - 0 runs, 0 hits, 0 errors, 0 left on base; Levittown 1 - Yucca Valley 0
TOP OF THE 4TH
Levittown Blue Dragons batting - Pitching for Yucca Valley Yellows : LHP Felipe López
Batting: RHB Omar Luoa 0-0: Called Strike
0-1: Foul Ball, location: 2F
0-2: Ball
1-2: Ground out 4-3 (Groundball, 4, EV 107.5 MPH)
Batting: LHB Man-su Sin 0-0: Ball
1-0: Ball
2-0: Ground out 4-3 (Groundball, 4, EV 100.0 MPH)
Batting: RHB Julian Lemur 0-0: SINGLE (Line Drive, 9LS, EV 95.6 MPH)
Batting: LHB Joshua Sanford 0-0: Ball
1-0: Ball
2-0: Foul Ball, location: 2F
2-1: Called Strike
2-2: Ground out 1-3 (Groundball, 13, EV 85.6 MPH)
Top of the 4th over - 0 runs, 1 hit, 0 errors, 1 left on base; Levittown 1 - Yucca Valley 0
BOTTOM OF THE 4TH
Yucca Valley Yellows batting - Pitching for Levittown Blue Dragons : RHP Edward Martin
Batting: RHB Donnie Haggard 0-0: Called Strike
0-1: Foul Ball, location: 2F
0-2: Strikes out looking
Batting: LHB Jon Kelly 0-0: Fly out, F8 (Flyball, 8LD, EV 96.9 MPH)
Batting: RHB Aaron Tuttle 0-0: Called Strike
0-1: Swinging Strike
0-2: Ball
1-2: Ball
2-2: Foul Ball, location: 2F
2-2: Ball
3-2: Base on Balls
Batting: RHB Rick Pawlowicz 0-0: Swinging Strike
0-1: Ball
1-1: Ball
Aaron Tuttle steals 2nd base
2-1: Fly out, F6 (Popup, 6M, EV 69.4 MPH)
Bottom of the 4th over - 0 runs, 0 hits, 0 errors, 1 left on base; Levittown 1 - Yucca Valley 0
TOP OF THE 5TH
Levittown Blue Dragons batting - Pitching for Yucca Valley Yellows : LHP Felipe López
Batting: RHB Eugene Parker 0-0: Fly out, F9 (Flyball, 9S, EV 81.2 MPH)
Batting: RHB Frans Lissenberg 0-0: Swinging Strike
0-1: Called Strike
0-2: Foul Ball, location: 2F
0-2: Strikes out swinging, 2-3 out at first.
Batting: LHB Daniel Page 0-0: SINGLE (Groundball, 4MD, EV 101.9 MPH)
Batting: RHB Abednego Ashpenaz 0-0: Ball
1-0: Called Strike
1-1: Ball
2-1: Ball
3-1: Foul Ball, location: 2F
3-2: Ground out 4-3 (Groundball, 4, EV 83.1 MPH)
Top of the 5th over - 0 runs, 1 hit, 0 errors, 1 left on base; Levittown 1 - Yucca Valley 0
BOTTOM OF THE 5TH
Yucca Valley Yellows batting - Pitching for Levittown Blue Dragons : RHP Edward Martin
Batting: LHB Tony San Pedro 0-0: Ball
1-0: Ball
2-0: Ball
3-0: Base on Balls
Batting: RHB Claudio Corona 0-0: Sac Bunt to 3S - play at first, batter OUT! 3-4
Tony San Pedro to second
Batting: RHB Denny Wolfe 0-0: Ball
1-0: Called Strike
1-1: Ball
2-1: Fly out, F8 (Line Drive, 8LM, EV 91.2 MPH)
Batting: RHB Steffen Schulte 0-0: Called Strike
0-1: Ball
1-1: Called Strike
1-2: Strikes out looking
Bottom of the 5th over - 0 runs, 0 hits, 0 errors, 1 left on base; Levittown 1 - Yucca Valley 0
TOP OF THE 6TH
Levittown Blue Dragons batting - Pitching for Yucca Valley Yellows : LHP Felipe López
Batting: RHB Juan Amengual 0-0: Ball
1-0: DOUBLE (Flyball, 89XD, EV 96.9 MPH)
Batting: RHB Omar Luoa 0-0: Intentional Walk
Batting: LHB Man-su Sin 0-0: Ball
Wild Pitch!
Juan Amengual to third
Omar Luoa to second
1-0: Called Strike
1-1: Ball
2-1: Foul Ball, location: 2F
2-2: Strikes out swinging
Batting: RHB Julian Lemur 0-0: Intentional Walk
Batting: LHB Joshua Sanford 0-0: Foul Ball, location: 2F
0-1: Called Strike
0-2: Strikes out swinging
Batting: RHB Eugene Parker 0-0: Foul Ball, location: 2F
0-1: Ball
1-1: Ball
2-1: Ball
3-1: SINGLE (Groundball, 6D, EV 93.8 MPH)
Juan Amengual scores
Omar Luoa to third
Julian Lemur to second
Runner from 3rd tries for Home, SAFE, throw by CF to home
Batting: RHB Frans Lissenberg 0-0: Foul Ball, location: 2F
0-1: Ball
1-1: Ball
2-1: Swinging Strike
2-2: Foul Ball, location: 2F
2-2: Strikes out swinging
Top of the 6th over - 2 runs, 2 hits, 0 errors, 2 left on base; Levittown 3 - Yucca Valley 0
BOTTOM OF THE 6TH
Yucca Valley Yellows batting - Pitching for Levittown Blue Dragons : RHP Edward Martin
Batting: LHB Ben Chell 0-0: Foul Ball, location: 2F
0-1: Ball
1-1: Swinging Strike
1-2: Foul Ball, location: 2F
1-2: Ball
2-2: Ball
3-2: Ground out 4-3 (Groundball, 4, EV 105.0 MPH)
Batting: RHB Donnie Haggard 0-0: Ball
1-0: Swinging Strike
1-1: Called Strike
1-2: Strikes out swinging
Batting: LHB Jon Kelly 0-0: Ball
1-0: Ball
2-0: SINGLE (Groundball, 4, EV 99.4 MPH) (infield hit)
Batting: RHB Aaron Tuttle 0-0: Ball
1-0: Ball
2-0: Ball
3-0: Called Strike
3-1: Foul Ball, location: 2F
3-2: Fly out, F8 (Flyball, 8LD, EV 98.1 MPH)
Bottom of the 6th over - 0 runs, 1 hit, 0 errors, 1 left on base; Levittown 3 - Yucca Valley 0
TOP OF THE 7TH
Levittown Blue Dragons batting - Pitching for Yucca Valley Yellows : LHP Felipe López
Batting: LHB Daniel Page 0-0: Called Strike
0-1: Swinging Strike
0-2: Ball
1-2: Foul Ball, location: 2F
1-2: Ball
2-2: Ball
3-2: Base on Balls
Pitching: RHP David Oliver
Batting: RHB Abednego Ashpenaz 0-0: Ball
1-0: Foul Ball, location: 2F
1-1: Fly out, F8 (Flyball, 8LD, EV 101.2 MPH)
Batting: RHB Juan Amengual 0-0: Ball
Daniel Page steals 2nd base
1-0: Ball
2-0: Foul Ball, location: 2F
2-1: Ball
3-1: Swinging Strike
3-2: Base on Balls
Batting: RHB Omar Luoa 0-0: Called Strike
0-1: DOUBLE (Line Drive, 9LD, EV 105.0 MPH)
Daniel Page scores
Juan Amengual to third
Batting: LHB Man-su Sin 0-0: Intentional Walk
Batting: RHB Julian Lemur 0-0: Ball
1-0: Ball
2-0: Ball
3-0: Called Strike
3-1: Reached on error, E5 (Groundball, 5S, EV 66.9 MPH)
Juan Amengual scores
Omar Luoa to third
Man-su Sin to second
Batting: LHB Joshua Sanford 0-0: Called Strike
0-1: Foul Ball, location: 2F
0-2: Ball
1-2: Foul Ball, location: 2F
1-2: Foul Ball, location: 2F
1-2: Ball
2-2: Strikes out looking
Batting: RHB Eugene Parker 0-0: Swinging Strike
0-1: Fielders Choice at 2nd, 6-4 (Groundball, 6, EV 106.2 MPH)
Top of the 7th over - 2 runs, 1 hit, 1 error, 3 left on base; Levittown 5 - Yucca Valley 0
BOTTOM OF THE 7TH
Yucca Valley Yellows batting - Pitching for Levittown Blue Dragons : RHP Edward Martin
Pitching: RHP Rafael Ramos
Batting: RHB Rick Pawlowicz 0-0: Ball
1-0: Called Strike
1-1: Ball
2-1: Swinging Strike
2-2: Ball
3-2: Foul Ball, location: 2F
3-2: Strikes out swinging
Batting: LHB Tony San Pedro 0-0: Ball
1-0: Called Strike
1-1: Ball
2-1: Foul Ball, location: 2F
2-2: Strikes out swinging
Batting: RHB Claudio Corona 0-0: Called Strike
0-1: Foul Ball, location: 2F
0-2: Ball
1-2: Foul Ball, location: 2F
1-2: Strikes out looking
Bottom of the 7th over - 0 runs, 0 hits, 0 errors, 0 left on base; Levittown 5 - Yucca Valley 0
TOP OF THE 8TH
Levittown Blue Dragons batting - Pitching for Yucca Valley Yellows : RHP David Oliver
Batting: RHB Frans Lissenberg 0-0: Ball
1-0: Foul Ball, location: 2F
1-1: Ground out 5-3 (Groundball, 56S, EV 87.5 MPH)
Batting: LHB Daniel Page 0-0: Foul Ball, location: 2F
0-1: Foul Ball, location: 2F
0-2: Ball
1-2: Ball
2-2: Foul Ball, location: 2F
2-2: Ball
3-2: Foul Ball, location: 2F
3-2: Foul Ball, location: 2F
3-2: Foul Ball, location: 2F
3-2: DOUBLE (Line Drive, 9LS, EV 110.0 MPH)
Batting: RHB Abednego Ashpenaz 0-0: Called Strike
0-1: Ball
1-1: Foul Ball, location: 2F
1-2: Ball
2-2: Strikes out swinging
Batting: RHB Juan Amengual 0-0: Foul Ball, location: 2F
0-1: Foul Ball, location: 2F
0-2: Ball
1-2: Ball
2-2: Foul Ball, location: 2F
2-2: Fly out, F9 (Flyball, 9D, EV 98.8 MPH)
Top of the 8th over - 0 runs, 1 hit, 0 errors, 1 left on base; Levittown 5 - Yucca Valley 0
BOTTOM OF THE 8TH
Yucca Valley Yellows batting - Pitching for Levittown Blue Dragons : RHP Rafael Ramos
Batting: RHB Denny Wolfe 0-0: Called Strike
0-1: Called Strike
0-2: Strikes out swinging
Batting: RHB Steffen Schulte 0-0: Ball
1-0: Called Strike
1-1: Foul Ball, location: 2F
1-2: Foul Ball, location: 2F
1-2: Fly out, F7 (Flyball, 7D, EV 75.0 MPH)
Batting: LHB Ben Chell 0-0: Ball
1-0: Foul Ball, location: 2F
1-1: Ball
2-1: Ball
3-1: Called Strike
3-2: Ground out 4-3 (Groundball, 4S, EV 90.0 MPH)
Bottom of the 8th over - 0 runs, 0 hits, 0 errors, 0 left on base; Levittown 5 - Yucca Valley 0
TOP OF THE 9TH
Levittown Blue Dragons batting - Pitching for Yucca Valley Yellows : RHP David Oliver
Pitching: RHP Danny Kas
Batting: RHB Omar Luoa 0-0: Ball
1-0: Ground out 4-3 (Groundball, 4, EV 83.8 MPH)
Batting: LHB Man-su Sin 0-0: Foul Ball, location: 2F
0-1: SINGLE (Line Drive, 8LS, EV 91.2 MPH)
Batting: RHB Julian Lemur 0-0: Ball
1-0: Foul Ball, location: 2F
1-1: Swinging Strike
1-2: Fly out, F7 (Flyball, 7, EV 86.9 MPH)
Batting: LHB Joshua Sanford 0-0: Ball
1-0: Ball
2-0: Ball
3-0: Base on Balls
Man-su Sin to second
Batting: RHB Eugene Parker 0-0: Foul Ball, location: 2F
0-1: Swinging Strike
0-2: Ball
1-2: Ball
2-2: Foul Ball, location: 2F
2-2: Strikes out swinging
Top of the 9th over - 0 runs, 1 hit, 0 errors, 2 left on base; Levittown 5 - Yucca Valley 0
BOTTOM OF THE 9TH
Yucca Valley Yellows batting - Pitching for Levittown Blue Dragons : RHP Rafael Ramos
Batting: RHB Donnie Haggard 0-0: Ball
1-0: Foul Ball, location: 2F
1-1: Swinging Strike
1-2: Ball
2-2: Ball
3-2: Strikes out swinging
Batting: LHB Jon Kelly 0-0: Foul Ball, location: 2F
0-1: Swinging Strike
0-2: Ball
1-2: Ball
2-2: Ball
3-2: Fly out, F8 (Flyball, 8LM, EV 93.8 MPH)
Batting: RHB Aaron Tuttle 0-0: Fly out, F5 (Popup, 56, EV 78.8 MPH)
Bottom of the 9th over - 0 runs, 0 hits, 0 errors, 0 left on base; Levittown 5 - Yucca Valley 0
Friday, October 2nd, 2020 - OOTP Baseball 20.8 Build 74